 Dungeon Crawl Stone Soup version 0.19-a0-746-g995b792 (webtiles) character file.

151 TheGoonsmith the Cudgeler (level 5, -2/32 HPs)
             Began as a Gargoyle Gladiator on June 24, 2016.
             Killed by divine providence
             ... invoked by an orc priest
              (11 damage)
             ... on level 3 of the Dungeon.
             The game lasted 00:03:37 (2140 turns).

TheGoonsmith the Cudgeler (Gargoyle Gladiator)      Turns: 2140, Time: 00:03:38

Health: -2/32      AC: 16    Str: 20    XL:     5   Next: 33%
Magic:  5/5        EV:  6    Int:  8    God:
Gold:   166        SH:  0    Dex: 10    Spells: 0 memorised, 4 levels left

rFire  . . .     SeeInvis .     A - +1 great mace (venom)
rCold  . . .     Gourm    .     t - +0 plate armour
rNeg   + . .     Faith    .     (shield currently unavailable)
rPois  ∞         Spirit   .     c - +0 helmet
rElec  +         Dismiss  .     D - +0 cloak
rCorr  .         Reflect  .     (no gloves)
SustAt .         Harm     .     (no boots)
MR     .....                    (no amulet)
Stlth  ..........               (no ring)
                                p - ring of loudness (curse)

@: hasted, very quick, not resistant to hostile enchantments, extremely
unstealthy
A: negative energy resistance 1, electricity resistance, unbreathing,
petrification resistance, rot immunity, AC +4
a: no special abilities


You were on level 3 of the Dungeon.
You were not hungry.

You visited 1 branch of the dungeon, and saw 3 of its levels.

You collected 166 gold pieces.

Inventory:

Hand Weapons
 a - a +0 flail
 A - a +1 great mace of venom (weapon)
Missiles
 d - 2 throwing nets
 l - 7 stones (quivered)
 m - 32 bolts
 z - 18 arrows
 B - 26 sling bullets
Armour
 b - a +0 leather armour
 c - a +0 helmet (worn)
 k - a +0 chain mail
 t - a +0 plate armour (worn)
 D - a +0 cloak (worn)
Jewellery
 p - a cursed ring of loudness (left hand)
 y - an uncursed ring of sustain attributes {unknown}
Scrolls
 e - a scroll of immolation {unknown}
 j - a scroll of noise {unknown}
 r - 3 scrolls of identify {unknown}
 s - a scroll of magic mapping {unknown}
 x - a scroll of teleportation {unknown}
Potions
 i - a potion of flight {unknown}
 n - a potion of brilliance {unknown}
 o - a potion of resistance {unknown}
 q - a potion of haste
 u - a potion of mutation {unknown}
 v - a potion of might {unknown}
 w - a potion of heal wounds {unknown}
 C - a potion of curing {unknown}
Comestibles
 f - a bread ration
 g - a slice of pizza
 h - a beef jerky
 E - 3 chunks of flesh


   Skills:
 + Level 3.5 Fighting
 * Level 5.2 Maces & Flails
 - Level 1.7 Throwing
 - Level 2.4 Dodging


You had 4 spell levels left.
You didn't know any spells.

Dungeon Overview and Level Annotations

Branches:
Dungeon (3/15)

Altars:


Innate Abilities, Weirdness & Mutations

You are resistant to torment.
Your stone body is resilient. (AC +4)
You are immune to poison.
You resist negative energy. (rN+)
You are resistant to electric shocks. (rElec)
You can survive without breathing.
You are immune to petrification.
You are immune to rotting.


Message History

Press: ? - help, Shift-Dir - straight line, f/p - orc
Aim: an orc, wielding a short sword (heavily wounded)
You throw a stone. The stone hits the orc.
You kill the orc!
An orc comes into view. It is wielding a dagger.
The orc priest calls upon Beogh to heal the orc wizard.
The orc wizard's wounds heal themselves!
The orc wizard hits you but does no damage.
You hit the orc wizard.
The orc wizard is poisoned.
The orc wizard is moderately wounded.
The orc wizard hits you but does no damage.
The orc priest invokes the aid of Beogh against you.
Beogh smites you!
* * * LOW HITPOINT WARNING * * *
The orc wizard hits you but does no damage.
It was a potion of haste.
You feel yourself speed up. The orc wizard barely misses you.
The orc priest invokes the aid of Beogh against you.
Beogh smites you!
You die...

#...###.########.#
#...###..........#
......†..........#
#...###..........# #...#
#..........###
#...###............. .#
..............##.###...#
....#.#######.##........
##.##. #.......#@# # ..
. #.......#o# .# ## .
#.......#.###.#..#. ..
.........).o.....o((
#####......o(..).(.(
###.##.###.#.#.. #.##.#
# #[ #.. #. #..#


You could see an orc priest, an orc wizard and an orc.

Vanquished Creatures
  The ghost of Nothus the Charmwright, a weakling MfSk (D:3)
  Crazy Yiuf (D:2)
  An adder (D:2)
  An ooze (D:1)
  A worm (D:2)
  2 dart slugs (D:1)
  A giant gecko (D:3)
  3 orcs (D:3)
  7 bats
  A giant cockroach (D:1)
  5 goblins
  12 hobgoblins
  4 jackals (D:1)
  4 kobolds
  2 quokkas
  A ball python (D:1)
  3 giant newts
  2 rats
52 creatures vanquished.

Notes
Turn   | Place    | Note
--------------------------------------------------------------
     0 | D:1      | TheGoonsmith the Gargoyle Gladiator began the quest for the Orb.
     0 | D:1      | Reached XP level 1. HP: 12/12 MP: 1/1
   196 | D:1      | Reached XP level 2. HP: 4/18 MP: 2/2
   734 | D:1      | Reached XP level 3. HP: 17/22 MP: 3/3
   834 | D:1      | Reached skill level 4 in Maces & Flails
  1508 | D:2      | Found a runed door.
  1643 | D:2      | Reached XP level 4. HP: 27/27 MP: 4/4
  1973 | D:2      | Noticed Crazy Yiuf
  1976 | D:2      | Killed Crazy Yiuf
  2033 | D:3      | Noticed Nothus's ghost (weakling MfSk)
  2048 | D:3      | Killed Nothus's ghost
  2048 | D:3      | Reached skill level 5 in Maces & Flails
  2048 | D:3      | Reached XP level 5. HP: 25/32 MP: 5/5
  2140 | D:3      | Killed from afar by an orc priest

Vault maps used:
D:1:      lemuel_arrival_river_ford
D:2:      grunt_decor_arrowhead, uniq_crazy_yiuf_cottage
D:3:      uniq_robin

Skill      XL: |  1  2  3  4 |
---------------+-------------+-----
Maces & Flails | 4 5 |  5.2
Fighting       | 3 |  3.5
Throwing       | |  1.7
Dodging        | |  2.4

Action                   |  1- 3 |  4- 6 || total
-------------------------+-------+-------++-------
Melee: Flail             |   156 |    13 ||   169
       Great mace        |       |    51 ||    51
Throw: Throwing net      |     2 |       ||     2
       Stone             |    79 |    42 ||   121
  Use: Potion            |       |     1 ||     1
  Eat: Chunk             |     3 |     1 ||     4
Armor: Leather armour    |    36 |       ||    36
       Chain mail        |    55 |       ||    55
       Plate armour      |    26 |    54 ||    80
Dodge: Dodged            |    79 |    22 ||   101
